 Dungeon Crawl Stone Soup version 0.29.1-2-gbd0b4ee654 (webtiles) character file.

Game seed: 8285255984530529120

78 zeram the Caller (level 4, -5/39 HPs)
             Began as a Troll Summoner on Nov 27, 2022.
             Engulfed by a cloud of flame (13 damage)
             ... on level 3 of the Dungeon.
             The game lasted 00:03:04 (2080 turns).

zeram the Caller (Troll Summoner)                   Turns: 2080, Time: 00:03:04

Health: -5/39      AC: 12    Str: 16    XL:     4   Next: 15%
Magic:  4/4        EV: 10    Int: 13    God:
Gold:   106        SH:  0    Dex: 10    Spells: 2/5 levels left

rFire   . . .      SeeInvis .   k - +0 giant spiked club (protect)
rCold   . . .      Faith    .   (shield currently unavailable)
rNeg    . . .      Spirit   .   a - +1 robe
rPois   .          Reflect  .   (helmet restricted)
rElec   .          Harm     .   (no cloak)
rCorr   .          Rampage  .   (gloves unavailable)
Will    .....                   (boots unavailable)
Stlth   +.........              (no amulet)
HPRegen 0.93/turn               j - +4 ring of slaying
MPRegen 0.09/turn               l - +4 ring of slaying

@: under a protective aura
A: large, unfitting armour, claws 3, regeneration 1, shaggy fur 1, tough skin 1
a: no special abilities


You were on level 3 of the Dungeon.
You visited 1 branch of the dungeon, and saw 3 of its levels.

You collected 106 gold pieces.

Inventory:

Hand Weapons
 d - a +0 club
 f - a +0 whip
 k - a +0 giant spiked club of protection (weapon)
Armour
 a - a +1 robe (worn)
Jewellery
 j - a +4 ring of slaying (left claw)
 l - a +4 ring of slaying (right claw)
Scrolls
 g - a scroll of identify
 n - a scroll of butterflies {unknown}
 q - a scroll of fear
Potions
 b - a potion of magic
 c - a potion of curing
 e - 2 potions of flight {unknown}
 h - a potion of resistance {unknown}
 i - a potion of brilliance {unknown}
 m - a potion of attraction {unknown}
 o - a potion of mutation {unknown}


   Skills:
 + Level 2.2 Maces & Flails
 + Level 2.1 Dodging
 - Level 1.0 Stealth
 + Level 1.3 Spellcasting
 + Level 3.4 Summonings


You had 2 spell levels left.
You knew the following spells:

 Your Spells              Type           Power      Damage    Failure   Level
a - Summon Small Mammal   Summ           36%        N/A       7%          1
b - Call Imp              Summ           9%         N/A       11%         2

Your spell library contained the following spells:

 Spells                   Type           Power      Damage    Failure   Level
 Sting                    Tmut/Pois      0%         1d3       28%         1
 Poisonous Vapours        Pois/Air       0%         N/A       38%         2
 Call Canine Familiar     Summ           9%         N/A       21%         3
 Summon Guardian Golem    Hex/Summ       5%         N/A       38%         3
 Gell's Gravitas          Tloc           0%         N/A       63%         3
 Lesser Beckoning         Tloc           0%         N/A       63%         3
 Teleport Other           Tloc           0%         N/A       63%         3
 Summon Lightning Spire   Summ/Air       5%         N/A       80%         4
 Olgreb's Toxic Radiance  Pois           0%         N/A       95%         4


Dungeon Overview and Level Annotations

Branches:
Dungeon (3/15)

Altars:


Innate Abilities, Weirdness & Mutations

You are too large for most types of armour.
You have claws for hands.
Your natural rate of healing is unusually fast.
You are covered in fur. (AC +1)
You have tough skin. (AC +1)


Message History

You miss the goblin.
The hobgoblin shouts!
You hear a shout!
The goblin misses you. The goblin barely misses you.
A goblin comes into view. It is wielding a +0 club.
You hear a shout!
You barely miss the goblin.
You hear a shout!
The goblin hits you but does no damage.
You closely miss the goblin. The goblin closely misses you.
The goblin hits you with a +0 club.
You closely miss the goblin.
The goblin hits you but does no damage. x2
A goblin comes into view. It is wielding a +0 club.
Robin of the Strong Arm comes into view.
They are wielding a +2 vorpal mace.
You impale the goblin!!
Your weapon exudes an aura of protection.
You kill the goblin!
Robin roars a battlecry!
The goblins go into a battle-frenzy!
You hear a shout!
You have reached level 4!
Okay, then.
As you read the scroll labelled OGITIHA SUUTING, it crumbles to dust.
The creatures around you are filled with an inner flame!
It was a scroll of immolation.
The goblin hits you with a +0 club.
As you read the scroll labelled TAISOY NURECVI, it crumbles to dust.
It is a scroll of identify.
c - 2 potions of curing The goblin hits you but does no damage.
You hit Robin.
Flame seeps out of Robin.
Robin is moderately wounded.
Robin is engulfed in blazing flames.
Flame seeps out of Robin.
Robin says, "A pitiful Troll like you will never find the ORB!"
Robin drinks a potion.
Robin is healed!
The goblin hits you but does no damage. The goblin barely misses you.
Robin is engulfed in blazing flames.
Robin explodes!
The fiery explosion engulfs you!!!
Ouch! That really hurt!
* * * LOW HITPOINT WARNING * * *
You feel better.
You are engulfed in blazing flames.
You die... ..### #.#.. ##.#.# ..... .(g# gg#

#g# #@#
#°###.#
##+#§§...#
##...######
##.....##
##.......##
#.........#
+.........+
#.........#


You could see a hobgoblin (strong) and 3 goblins.

Vanquished Creatures
  Robin (D:3)
  2 adders (D:2)
  2 worms
  A dart slug (D:1)
  3 ball pythons
  4 bats
  5 endoplasms
  A giant cockroach (D:2)
  7 goblins
  3 hobgoblins
  A quokka (D:1)
  3 frilled lizards
  5 kobolds
  3 rats (D:1)
41 creatures vanquished.

Notes
Turn   | Place    | Note
-------+----------+-------------------------------------------
     0 | D:1      | zeram the Troll Summoner began the quest for the Orb.
     0 | D:1      | Reached XP level 1. HP: 16/16 MP: 1/1
    20 | D:1      | Reached skill level 3 in Summonings
   305 | D:1      | Reached XP level 2. HP: 24/24 MP: 2/2
   308 | D:1      | Learned a level 2 spell: Call Imp
  1066 | D:2      | Reached XP level 3. HP: 31/31 MP: 3/3
  1108 | D:2      | Reached skill level 1 in Maces & Flails
  2075 | D:3      | Noticed Robin
  2077 | D:3      | Reached XP level 4. HP: 39/39 MP: 4/4
  2079 | D:3      | Killed Robin
  2080 | D:3      | Engulfed by a cloud of flame

Illustrated notes

Levels and vault maps discovered:
D:1:      lightli_arrival_boilingwater, layout_basic,
          minmay_misc_feat_diagonals, minmay_cut_off
D:2:      minmay_inner_zag, layout_basic
D:3:      layout_loops_corners, uniq_robin, uniq_grinder

Skill      XL: |  1  2  3 |
---------------+----------+-----
Summonings     | 3 |  3.4
Dodging        | 2 |  2.1
Maces & Flails | 2 |  2.2
Stealth        | |  1.0
Spellcasting   | |  1.3

Action                   |  1- 3 |  4- 6 || total
-------------------------+-------+-------++-------
Melee: Club              |    12 |       ||    12
       Whip              |    55 |       ||    55
       Unarmed           |     3 |       ||     3
       Giant spiked club |    87 |     1 ||    88
  Use: Scroll            |     6 |     2 ||     8
       Potion            |       |     1 ||     1
 Stab: Sleeping          |     4 |       ||     4
Armor: Robe              |    84 |     2 ||    86
Dodge: Dodged            |   123 |     1 ||   124
